 Dungeon Crawl Stone Soup version 0.27-a0-262-gc50aac273e (webtiles) character file.

Game seed: 1554978109172858526

89 Anonimiaus the Sneak (level 4, -7/34 HPs)
             Began as a Vampire Brigand on Feb 4, 2021.
             Splashed by Ijyb's acid (12 damage)
             ... on level 3 of the Dungeon.
             The game lasted 00:05:35 (2259 turns).

Anonimiaus the Sneak (Vampire Brigand)              Turns: 2259, Time: 00:05:38

Health: -7/34      AC: -1    Str: 10    XL:     4   Next: 31%
Magic:  4/4        EV: 13    Int: 13    God:
Gold:   136        SH:  0    Dex: 16    Spells: 3/3 levels left

rFire    . . .     SeeInvis +   a - +2 dagger
rCold    + . .     Faith    .   (no shield)
rNeg     . . .     Spirit   .   b - +0 robe
rPois    .         Reflect  .   (no helmet)
rElec    .         Harm     .   c - +0 cloak
rCorr    .         Rampage  .   (no gloves)
Will     .....                  (no boots)
Stlth    +++.......             (no amulet)
HPRegen  0.31/turn              l - ring of protection from fire
MPRegen  0.09/turn              s - ring of ice

@: corroded, regenerating quickly
A: fangs 3, see invisible, unbreathing
a: Exsanguinate


You were on level 3 of the Dungeon.
You visited 1 branch of the dungeon, and saw 3 of its levels.

You collected 136 gold pieces.

Inventory:

Hand Weapons
 a - a +2 dagger (weapon)
Missiles
 d - 35 poisoned darts (quivered)
 e - 6 curare-tipped darts
Armour
 b - a +0 robe (worn)
 c - a +0 cloak (worn)
Jewellery
 l - a ring of protection from fire (left hand)
 s - a ring of ice (right hand)
Scrolls
 f - 2 scrolls of fear {unknown}
 h - 2 scrolls of blinking {unknown}
 i - 3 scrolls of identify {unknown}
 n - a scroll of magic mapping {unknown}
 o - a scroll of teleportation {unknown}
Potions
 g - 2 potions of berserk rage {unknown}
 j - a potion of degeneration {unknown}
 k - a potion of ambrosia {unknown}
 m - a potion of heal wounds {unknown}
 p - a potion of attraction {unknown}
 q - a potion of brilliance {unknown}
 r - a potion of flight {unknown}
 t - a potion of haste {unknown}


   Skills:
 + Level 2.5 Fighting
 + Level 3.1 Short Blades
 - Level 1.5 Throwing
 + Level 2.3 Dodging
 + Level 6.8 Stealth


You had 3 spell levels left.
You didn't know any spells.
Your spell library was empty.

Dungeon Overview and Level Annotations

Branches:
Dungeon (3/15)

Altars:
Trog
Vehumet

Annotations:
D:3 Ijyb, Terence


Innate Abilities, Weirdness & Mutations

Your natural rate of healing is unusually fast.
You have razor-sharp teeth.
You have supernaturally acute eyesight. (SInv)
You can survive without breathing.


Message History

You bite the hobgoblin, but do no damage.
The hobgoblin is moderately wounded.
You hit the hobgoblin but do no damage. You bite the hobgoblin.
The hobgoblin is almost dead.
The hobgoblin hits you with a +0 club.
Ijyb the Twisted Goblin comes into view.
She is wielding a +0 club and carrying a wand of acid (8).
You hit the hobgoblin.
You kill the hobgoblin!
Ijyb hits you but does no damage.
Things that are here:
a +0 club; a hobgoblin corpse You hit Ijyb but do no damage.
You bite Ijyb.
Ijyb is lightly wounded.
You hit Ijyb.
Ijyb is moderately wounded.
Ijyb zaps a wand.
The bolt of acid hits you!!
Ouch! That really hurt!
* * * LOW HITPOINT WARNING * * *
The acid corrodes you!
You are splashed with acid!
You die...

#.. #.# #.# #####
#.# #...# #.# ## #
#...# #.# ..
#.###.).###.#####.#
#..†<..........@g.#
#...........#######
#...........# ##
#.###...#.....# ..
#. #...#.....#
#.### #
#...........# #....
##.#......#.# #.###
#.#......#..
#.#.##.### ######


You could see Ijyb.

Vanquished Creatures
  3 adders (D:2)
  An ooze (D:1)
  3 worms (D:2)
  2 dart slugs
  2 leopard geckos
  A ball python (D:2)
  2 bats (D:1)
  A giant cockroach (D:1)
  4 goblins
  5 hobgoblins
  4 jackals (D:3)
  A quokka (D:2)
  2 frilled lizards
  4 kobolds
  11 rats
46 creatures vanquished.

Vanquished Creatures (others)
  A bat (D:3)
1 creature vanquished.

Grand Total: 47 creatures vanquished

Notes
Turn   | Place    | Note
-------+----------+-------------------------------------------
     0 | D:1      | Anonimiaus the Vampire Brigand began the quest for the Orb.
     0 | D:1      | Reached XP level 1. HP: 16/16 MP: 1/1
   146 | D:1      | Reached skill level 6 in Stealth
   183 | D:1      | Reached XP level 2. HP: 21/22 MP: 2/2
  1170 | D:2      | Reached XP level 3. HP: 27/27 MP: 3/3
  1708 | D:2      | Noticed a moth of wrath
  1711 | D:2      | Found a bloodstained altar of Trog.
  1940 | D:2      | Reached XP level 4. HP: 34/34 MP: 4/4
  2106 | D:3      | Found a radiant altar of Vehumet.
  2114 | D:3      | Noticed Terence
  2255 | D:3      | Noticed Ijyb
  2259 | D:3      | Splashed by Ijyb's acid

Illustrated notes

Levels and vault maps discovered:
D:1:      lightli_arrival_maybe_door_vault, layout_basic,
          kennysheep_decorative_pillar, minmay_misc_feat_tower,
          amethyst_killhole
D:2:      layout_basic, tgw_trog
D:3:      layout_loops_ring, cheibriados_altar_1, fiery_altar_vehumet,
          evilmike_ruin_ashenzari, lemuel_round_altar, uniq_ijyb, uniq_terence

Skill      XL: |  1  2  3 |
---------------+----------+-----
Stealth        | 6 |  6.8
Fighting       | 2 |  2.5
Dodging        | 2 |  2.3
Short Blades   | 3 |  3.1
Throwing       | |  1.5

Action                   |  1- 3 |  4- 6 || total
-------------------------+-------+-------++-------
Melee: Dagger            |   104 |    47 ||   151
       Bite              |    13 |    11 ||    24
 Stab: Sleeping          |    12 |     4 ||    16
Armor: Robe              |    14 |     4 ||    18
Dodge: Dodged            |    48 |    21 ||    69

Table legend: (Time is in decaauts)
 A = Elapsed time spent in this place.
 B = Non-inter-level travel time spent in this place.
 C = Inter-level travel time spent in this place.
 D = Time resting spent in this place.
 E = Time spent auto-exploring this place.
 F = Levels seen in this place.
 G = Mean time per level.
                   A        B        C        D        E       F      G
               +--------+--------+--------+--------+--------+-----+--------+
         Total |   2234 |   2156 |     78 |    160 |   1526 |   3 |  744.7 |
       Dungeon |   2234 |   2156 |     78 |    160 |   1526 |   3 |  744.7 |
               +--------+--------+--------+--------+--------+-----+--------+

Top non-repeatable levels by time:
     D:2: 1251 daAuts
     D:1: 802 daAuts
     D:3: 180 daAuts
